 Dungeon Crawl Stone Soup version 0.31-a0-325-g067879e3d3 (webtiles) character file.

Game seed: 12878362363735212592

21235 AIAndy the Grappler (level 12, -1/77 HPs)
             Began as an Octopode Shapeshifter on July 18, 2023.
             Was a High Priest of Nemelex Xobeh.
             Slain by a spark wasp (12 damage)
             ... on level 1 of the Lair of Beasts.
             The game lasted 00:59:47 (12679 turns).

AIAndy the Grappler (Octopode Shapeshifter)        Turns: 12679, Time: 00:59:47

Health: -1/77      AC:  9    Str: 19    XL:     12   Next: 87%
Magic:  18/18      EV: 13    Int: 11    God:    Nemelex Xobeh [*****.]
Gold:   908        SH:  0    Dex: 12    Spells: 11/11 levels left

rFire   + .          .
                       - Unarmed
rCold   x . .        (no shield)
rNeg    + . .        (helmet currently unavailable)
rPois   .            (no amulet)
rElec   .            N - ring of positive energy
rCorr   .            F - ring of fire
SInv    .            q - ring of willpower
Will    +....        O - +4 ring of protection
Stlth   ++           o - +4 ring of protection
HPRegen 0.32/turn    (no ring)
MPRegen 0.16/turn    (no ring)
                     (no ring)

%: no passive effects
@: beast-form
A: beast (slay +7), almost no armour, amphibious, 8 rings, camouflage 1,
gelatinous body 1, (nimble swimmer 1), tentacles
a: Begin Untransformation, Renounce Religion, Draw Escape, Draw Destruction,
Draw Summoning, Triple Draw, Deal Four, Stack Five


You were on level 1 of the Lair of Beasts.
You worshipped Nemelex Xobeh.
Nemelex Xobeh was extremely pleased with you.
You were a hulking beast.
You visited 3 branches of the dungeon, and saw 13 of its levels.
You also visited: Ossuary and Bailey.

You collected 908 gold pieces.


Innate Abilities, Weirdness & Mutations

You are a hulking beast.
Your limbs bulge with bestial killing power. (Slay +7)
You cannot wear most types of armour.
You are amphibious.
You can wear up to eight rings at the same time.
Your skin changes colour to match your surroundings (Stealth+).
Your rubbery body absorbs attacks. (AC +1, EV +1)
((You are camouflaged when in or above water. (Stealth+)))
You have tentacles for arms and can constrict up to eight enemies at once.


   Skills:
 + Level 5.1 Fighting
 - Level 5.0 Ranged Weapons
 - Level 2.0 Dodging
 + Level 13.1 Unarmed Combat
 + Level 8.8 Invocations
 + Level 11.3 Shapeshifting


You had 11 spell levels left.
You didn't know any spells.
Your spell library contained the following spells:

 Spells                   Type           Power      Damage    Failure   Level
 Summon Small Mammal      Summ           0%         N/A       34%         1
 Ensorcelled Hibernation  Hex/Ice        0%         N/A       47%         2
 Passwall                 Tmut/Erth      0%         N/A       47%         2
 Call Canine Familiar     Summ           0%         N/A       71%         3
 Portal Projectile        Hex/Tloc       0%         N/A       71%         3
 Summon Guardian Golem    Hex/Summ       0%         N/A       71%         3
 Swiftness                Air            0%         N/A       71%         3
 Vhi's Electric Charge    Tloc/Air       0%         N/A       71%         3
 Anguish                  Hex/Necr       0%         N/A       98%         4
 Cause Fear               Hex            0%         N/A       98%         4
 Fulminant Prism          Conj/Hex       0%         3d5       98%         4
 Leda's Liquefaction      Hex/Erth       0%         N/A       98%         4
 Passage of Golubria      Tloc           0%         N/A       98%         4
 Arcjolt                  Conj/Air       0%         1d10      100%        5
 Silence                  Hex/Air        0%         N/A       100%        5
 Summon Forest            Summ/Tloc      0%         N/A       100%        5
 Conjure Ball Lightning   Conj/Air       0%         3x3d6     100%        6
 Plasma Beam              Fire/Air       0%         2x1d10    100%        6
 Discord                  Hex            0%         N/A       100%        8
 Disjunction              Tloc           0%         N/A       100%        8
 Lehudib's Crystal Spear  Conj/Erth      0%         10d2      100%        8

Inventory:

Hand Weapons
 a - a +5 sling of electrocution
 g - the +5 falchion "Demonbane" {venom, Fly rElec rC+ Dex+2}
   (You took it off a gnoll sergeant in a bailey)

   Dex:       It affects your dexterity (+2).
   rC:        It protects you from cold.
   rElec:     It insulates you from electricity.
   Fly:       It grants you flight.
 w - the +10 sling of Qoagir {flame, rC+ MP+9 Dex+2}
   (You found it on level 8 of the Dungeon)

   Dex:       It affects your dexterity (+2).
   rC:        It protects you from cold.
   MP:        It affects your magic capacity (+9).
 S - the +8 whip "Snakebite" {venom, curare, rPois, =f}
   (You found it in a bailey)

   rPois:     It protects you from poison.
Missiles
 j - 43 poisoned darts
 k - 3 boomerangs of dispersal {=f}
 u - 5 boomerangs (quivered)
 y - 10 atropa-tipped darts
 H - 6 silver javelins
 P - 4 throwing nets {=f}
Armour
 m - a +0 buckler
Jewellery
 o - a +4 ring of protection (on tentacle)
 p - a +4 ring of protection
 q - a ring of willpower (on tentacle)
 F - a ring of fire (right tentacle)
 N - a ring of positive energy (left tentacle)
 O - a +4 ring of protection (on tentacle)
Talismans
 b - a beast talisman
 x - a talisman of death
Wands
 s - a wand of polymorph (7)
 t - a wand of flame (31)
 C - a wand of roots (11)
 E - a wand of mindburst (16)
 I - a wand of digging (5)
 M - a wand of charming (16)
 V - a wand of acid (4)
Scrolls
 e - a scroll of poison {!r}
 h - 2 scrolls of enchant armour
 i - 8 scrolls of teleportation {@r4}
 n - a scroll of silence {!r}
 r - a scroll of fog
 v - 3 scrolls of fear
 A - a scroll of amnesia
 D - a scroll of vulnerability {!r}
 K - 2 scrolls of enchant weapon {unknown}
 L - 2 scrolls of immolation {unknown}
 Q - 4 scrolls of brand weapon
 U - a scroll of blinking {unknown}
Potions
 c - 10 potions of curing {@q1}
 d - 4 potions of heal wounds {@q2}
 f - 3 potions of might
 l - 2 potions of mutation {!q}
 z - 5 potions of cancellation
 B - 3 potions of attraction {!q}
 G - 4 potions of lignification {!q}
 J - a potion of ambrosia
 R - a potion of enlightenment
 T - a potion of brilliance
 W - a potion of haste {unknown}

Dungeon Overview and Level Annotations

Branches:
Dungeon (11/15)            Temple (1/1) D:6            Lair (1/5) D:11
    Orc (0/2) D:9         Ossuary (visited)          Bailey (visited)

Altars:
Ashenzari
Cheibriados
Dithmenos
Elyvilon
Fedhas
Gozag
Hepliaklqana
Kikubaaqudgha
Makhleb
Nemelex Xobeh
Okawaru
Qazlal
Ru
Sif Muna
Trog
Uskayaw
Vehumet
Wu Jian
Xom
Yredelemnul
Zin
The Shining One

Shops:
D:1 [   D:6 [

Annotations:
D:3 exclusion: ogre
D:6 2 transporters, Kiciri's ghost, novice DsSh
D:11 exclusion: two-headed ogre

# ####P..# ##....#### ###
#.###..## #...###~.~ ..##
#.###...# ###..##~~~.▒. ...###
#..##...# #...##~~~~...
###..####.###..####÷.#~~..▒..▒..~
##..###.###...##.÷##~~~~.▒ .~~~
###..#..##...##..#~~~~..▒..~~▒
#.#....#P...#...†~~~~..▒.~~▒▒
##..........h...#~~~~.▒.~~~~~ #
###...#####.y..##~~~.▒D..~~s #
##...# #.....#~~.▒.G.~~~~ #####
#...## ##.....##~~.▒...~~.
....####..# #.......##~~..~~~~~
.....##...# ##.<......###~~~~~~~
......#...# #...........####~...
......#..## ##..............#####
.........# #.#..............####


You could see a spark wasp.


Message History

You constrict the spark wasp, but do no damage.
The spark wasp stings you!!
* * * LOW HITPOINT WARNING * * *
The spark wasp shocks you!
* * * LOW HITPOINT WARNING * * *
You feel much better.
You constrict the spark wasp. The spark wasp stings you.
* * * LOW HITPOINT WARNING * * *
The spark wasp shocks you!
* * * LOW HITPOINT WARNING * * *
The spark wasp closely misses you.
Okay, then.
You feel much better.
You constrict the spark wasp.
The spark wasp stings you but does no damage.
You completely miss the spark wasp.
You squeeze the spark wasp, but do no damage.
The spark wasp is moderately wounded.
You constrict the spark wasp. The spark wasp barely misses you.
You closely miss the spark wasp.
The spark wasp is heavily wounded.
You constrict the spark wasp! The spark wasp barely misses you.
You bludgeon the spark wasp!
Your tentacle-slap misses the spark wasp.
The spark wasp is severely wounded.
You constrict the spark wasp.
The spark wasp stings you but does no damage.
The spark wasp stings you!!
* * * LOW HITPOINT WARNING * * *
The spark wasp shocks you!
You die...
Your body glows with a rainbow of weird colours and disappears.

Skill      XL: |  1  2  3  4  5  6  7  8  9 10 11 12 |
---------------+-------------------------------------+-----
Unarmed Combat | 3 4 5 6 8 10 12 13 | 13.1
Invocations    | 2 3 4 6 7 8 |  8.8
Shapeshifting  | 4 5 6 7 9 10 11 | 11.3
Ranged Weapons | 5 |  5.0
Fighting       | 5 |  5.1
Dodging        | |  2.0

Action                     |  1- 3 |  4- 6 |  7- 9 | 10-12 || total
---------------------------+-------+-------+-------+-------++-------
  Melee: Unarmed           |    80 |    68 |   167 |   232 ||   547
         Constrict         |    17 |    16 |    45 |    24 ||   102
         Tentacles         |    11 |    12 |    46 |    57 ||   126
         Punch             |     2 |     2 |     5 |    18 ||    27
   Fire: Sling             |       |       |    61 |   214 ||   275
  Throw: Dart              |       |       |     5 |       ||     5
         Boomerang         |       |       |     2 |     7 ||     9
 Invoke: Draw Destruction  |       |     5 |    10 |    14 ||    29
         Draw Summoning    |       |       |     4 |     5 ||     9
         Draw Escape       |       |       |     1 |     2 ||     3
  Evoke: Wand              |       |       |     9 |       ||     9
    Use: Scroll            |       |       |    13 |     8 ||    21
         Potion            |       |       |     1 |     3 ||     4
   Stab: Sleeping          |     7 |     7 |     4 |     1 ||    19
 Armour: Skin              |    10 |     4 |    49 |    58 ||   121
  Dodge: Dodged            |    45 |    28 |    93 |   151 ||   317

Levels and vault maps discovered:
D:1:      dpeg_arrival_rhombus, layout_basic, serial_shops, shop
D:2:      layout_rooms
D:3:      layout_basic, hellmonk_ecumenical_altar_run_dry, uniq_sigmund,
          uniq_robin
D:4:      layout_loops_ring, tso_metal_star
D:5:      layout_gridville, okawaru_metal_pillars_1_2, uniq_blork_the_orc
D:6:      layout_basic, temple_statues, gammafunk_ghost_smash, serial_shops,
          shop
D:7:      layout_basic, uniq_joseph
D:8:      layout_loops_corners, nicolae_ossuary_entry_catacombs,
          uniq_prince_ribbit1
D:9:      layout_basic, orc_0_dummy, enter_bailey_8
D:10:     layout_roguey, minmay_circle_x
D:11:     layout_loops_corners, lair_entry_dummy, lemuel_nasty_fountain
Temple:   mainiacjoe_temple_cubbyholes
Lair:1:   layout_cave_pods, hellmonk_guarded_unrand_seven_league_boots,
          grunt_megastairs_4

Notes
Turn   | Place    | Note
-------+----------+-------------------------------------------
     0 | D:1      | AIAndy the Octopode Shapeshifter began the quest for the
                  | Orb.
     0 | D:1      | Reached XP level 1. HP: 14/14 MP: 1/1
   150 | D:1      | Found Kucimuk's Armour Shoppe.
   161 | D:1      | Reached XP level 2. HP: 19/19 MP: 2/2
   901 | D:2      | Reached XP level 3. HP: 24/24 MP: 3/3
  1023 | D:2      | Reached skill level 3 in Unarmed Combat
  1466 | D:3      | Reached XP level 4. HP: 24/29 MP: 4/4
  1506 | D:3      | Found a faded altar of an unknown god.
  1526 | D:3      | Prayed at the altar of an unknown god.
  1526 | D:3      | Became a worshipper of Nemelex Xobeh the Trickster
  1526 | D:3      | Reached * piety under Nemelex Xobeh
  1593 | D:3      | Noticed an ogre
  1602 | D:3      | Received a gift from Nemelex Xobeh
  1657 | D:3      | Noticed Robin
  1659 | D:3      | Robin changed into Robin the adder
  1659 | D:3      | Noticed Robin
  1670 | D:3      | Killed Robin the adder
  1670 | D:3      | Noticed Sigmund
  1680 | D:3      | Killed Sigmund
  1681 | D:3      | Reached skill level 4 in Unarmed Combat
  1681 | D:3      | Reached skill level 2 in Invocations
  1681 | D:3      | Reached skill level 4 in Shapeshifting
  1681 | D:3      | Reached XP level 5. HP: 28/34 MP: 4/6
  1681 | D:3      | Reached XP level 6. HP: 32/39 MP: 4/7
  2012 | D:4      | Received a gift from Nemelex Xobeh
  2236 | D:4      | Found a glowing golden altar of the Shining One.
  2557 | D:5      | Entered Level 5 of the Dungeon
  2562 | D:5      | Reached skill level 3 in Invocations
  2601 | D:5      | Reached XP level 7. HP: 43/45 MP: 9/9
  2630 | D:5      | Reached ** piety under Nemelex Xobeh
  2675 | D:5      | Noticed Blork the orc
  2686 | D:5      | Blork the orc changed into Blork the kobold
  2686 | D:5      | Noticed Blork
  2686 | D:5      | Killed Blork the kobold
  3046 | D:5      | Reached skill level 5 in Unarmed Combat
  3082 | D:5      | Reached skill level 5 in Shapeshifting
  3098 | D:5      | Found an iron altar of Okawaru.
  3110 | D:5      | Reached skill level 4 in Invocations
  3164 | D:5      | Received a gift from Nemelex Xobeh
  3616 | D:6      | Reached XP level 8. HP: 50/50 MP: 11/11
  3687 | D:6      | Reached skill level 6 in Unarmed Combat
  3687 | D:6      | Reached skill level 5 in Invocations
  3696 | D:6      | Found a staircase to the Ecumenical Temple.
  3856 | D:6      | Found a transporter.
  3857 | D:6      | Noticed Kiciri's ghost (novice DsSh)
  3862 | D:6      | Found a transporter.
  3866 | D:6      | Identified the +1 great mace "Jytan" {antimagic, rN+ Dex+2}
  3866 | D:6      | Noticed a two-headed ogre
  3905 | D:6      | Found Rocs's Antique Armour Shoppe.
  3909 | D:6      | Received a gift from Nemelex Xobeh
  4142 | D:6      | Identified the +0 robe of the Dungeon {+Blink}
  4321 | Temple   | Entered the Ecumenical Temple
  4338 | D:7      | Reached *** piety under Nemelex Xobeh
  4368 | D:7      | Identified the +0 trident of Pain and Death {speed, rN+
                  | Int+2}
  4372 | D:7      | Reached skill level 6 in Shapeshifting
  4378 | D:7      | Reached skill level 6 in Invocations
  4472 | D:7      | Reached XP level 9. HP: 41/54 MP: 13/13
  4474 | D:7      | Reached skill level 7 in Unarmed Combat
  4627 | D:7      | Noticed Joseph
  4639 | D:7      | Killed Joseph
  4640 | D:7      | Reached skill level 7 in Invocations
  5223 | D:8      | Found a sand-covered staircase.
  5242 | Ossuary  | Entered an ossuary
  5282 | Ossuary  | Reached skill level 7 in Shapeshifting
  5489 | Ossuary  | Reached skill level 8 in Unarmed Combat
  5899 | D:8      | Noticed Prince Ribbit
  5911 | D:8      | Killed Prince Ribbit
  6108 | D:8      | Reached XP level 10. HP: 45/60 MP: 15/15
  6178 | D:8      | Got the Enchiridion on the Evil Eye
  6271 | D:8      | Identified the +10 sling of Qoagir {flame, rC+ MP+9 Dex+2}
  6369 | D:8      | Reached skill level 9 in Unarmed Combat
  6478 | D:8      | Reached skill level 1 in Ranged Weapons
  6552 | D:8      | Received a gift from Nemelex Xobeh
  6926 | D:9      | Reached **** piety under Nemelex Xobeh
  7035 | D:9      | Reached skill level 2 in Ranged Weapons
  7035 | D:9      | Reached skill level 8 in Shapeshifting
  7042 | D:9      | Found a flagged portal.
  7083 | Bailey   | Entered a bailey
  7091 | Bailey   | Reached skill level 3 in Ranged Weapons
  7228 | Bailey   | Identified the +5 falchion "Demonbane" {venom, Fly rElec
                  | rC+ Dex+2}
  7431 | Bailey   | Reached skill level 4 in Ranged Weapons
  7671 | Bailey   | Found the +8 whip "Snakebite" {venom, curare, rPois}
  7674 | Bailey   | Identified the +6 whip of World Downfall {antimagic,
                  | Fragile rCorr Int+7}
  7937 | D:9      | Reached skill level 5 in Ranged Weapons
  8397 | D:9      | Found a staircase to the Orcish Mines.
  8778 | D:10     | Entered Level 10 of the Dungeon
  8878 | D:10     | Reached skill level 10 in Unarmed Combat
  8953 | D:10     | Noticed a kobold demonologist
  8956 | D:10     | Killed a kobold demonologist
  8958 | D:10     | Noticed a kobold demonologist
  8959 | D:10     | Noticed a kobold demonologist
  8962 | D:10     | Killed a kobold demonologist
  8963 | D:10     | Reached skill level 9 in Shapeshifting
  8963 | D:10     | Reached XP level 11. HP: 64/64 MP: 16/16
  8982 | D:10     | Got the Encyclopedia of the Legion
  9319 | D:10     | Reached skill level 11 in Unarmed Combat
  9753 | D:11     | Noticed a cyclops
  9963 | D:11     | Received a gift from Nemelex Xobeh
 10192 | D:11     | Noticed a red ugly thing
 10201 | D:11     | Killed a red ugly thing
 10202 | D:11     | Reached skill level 10 in Shapeshifting
 10215 | D:11     | Killed a cyclops
 10258 | D:11     | Noticed a manticore
 10274 | D:11     | Killed a manticore
 10463 | D:11     | Noticed a two-headed ogre
 10514 | D:11     | Received a gift from Nemelex Xobeh
 10594 | D:11     | Paralysed by a hornet for 2 turns
 10698 | D:11     | Reached ***** piety under Nemelex Xobeh
 10720 | D:11     | Reached skill level 12 in Unarmed Combat
 10857 | D:11     | Found a staircase to the Lair.
 11068 | Lair:1   | Entered Level 1 of the Lair of Beasts
 11167 | Lair:1   | Reached XP level 12. HP: 70/70 MP: 17/17
 11290 | Lair:1   | Reached skill level 3 in Fighting
 11450 | Lair:1   | Noticed a death yak
 11460 | Lair:1   | Noticed a death yak
 11460 | Lair:1   | Killed a death yak
 11461 | Lair:1   | Noticed a death yak
 11466 | Lair:1   | Killed a death yak
 11474 | Lair:1   | Killed a death yak
 11475 | Lair:1   | Reached skill level 8 in Invocations
 11475 | Lair:1   | Reached skill level 11 in Shapeshifting
 11739 | Lair:1   | Reached skill level 4 in Fighting
 11995 | Lair:1   | Noticed a catoblepas
 12349 | Lair:1   | Killed a catoblepas
 12504 | Lair:1   | Noticed a boulder beetle
 12504 | Lair:1   | Noticed a seven-headed hydra
 12505 | Lair:1   | Noticed a boulder beetle
 12506 | Lair:1   | a seven-headed hydra changed into a spark wasp
 12506 | Lair:1   | Noticed a spark wasp
 12506 | Lair:1   | a boulder beetle changed into a great orb of eyes
 12506 | Lair:1   | Noticed a great orb of eyes
 12506 | Lair:1   | a boulder beetle changed into an ice dragon
 12506 | Lair:1   | Noticed an ice dragon
 12564 | Lair:1   | Reached skill level 13 in Unarmed Combat
 12575 | Lair:1   | Killed an ice dragon
 12581 | Lair:1   | Killed a great orb of eyes
 12582 | Lair:1   | Reached skill level 5 in Fighting
 12674 | Lair:1   | HP: 4/77 [spark wasp (12)]
 12679 | Lair:1   | Slain by a spark wasp

Vanquished Creatures
  An ice dragon (Lair:1)
  A catoblepas (Lair:1)
  A death yak (Lair:1)
  An ugly thing (D:11)
  A manticore (D:11)
  3 elephants (Lair:1)
  Joseph (D:7)
  A guardian serpent (Lair:1)
  A cane toad (Lair:1)
  An unseen horror (D:11)
  A rime drake (Lair:1)
  3 kobold demonologists (D:10)
  A komodo dragon (Lair:1)
  2 hornets
  Prince Ribbit (D:8)
  A blink frog (Lair:1)
  3 wyverns
  Sigmund (D:3)
  A wraith (Ossuary)
  A vampire (D:10)
  A spriggan (Lair:1)
  3 shadows
  24 yaks
  A fire bat (Lair:1)
  A steam dragon (Lair:1)
  2 vampire mosquitoes (D:10)
  A basilisk (Lair:1)
  An acid dragon (D:11)
  A naga (Lair:1)
  6 water moccasins
  An ice beast (D:5)
  3 sky beasts
  4 black bears
  5 wolves
  A boggart (Lair:1)
  2 centaurs (D:10)
  An elf zombie (Ossuary)
  5 kobold brigands
  4 bullfrogs
  7 gnoll sergeants
  2 elf skeletons (D:8)
  2 scorpions
  8 wights
  2 killer bees
  A howler monkey (D:7)
  5 hounds
  2 jellies
  5 orc priests
  A human skeleton (D:8)
  5 gnoll boudas
  A sleepcap (D:5)
  4 iguanas
  9 orc wizards
  3 mummies (Ossuary)
  16 gnolls
  7 adders
  A river rat (D:6)
  3 shadow imps
  A white imp (D:8)
  2 ufetubi
  2 worms
  2 dart slugs
  32 orcs
  4 ball pythons
  6 bats
  10 endoplasms
  3 giant cockroaches
  3 gnoll zombies (Ossuary)
  12 goblins
  10 hobgoblins
  9 jackals
  4 quokkas
  3 frilled lizards (D:3)
  2 goblin zombies (Ossuary)
  4 hobgoblin zombies (Ossuary)
  23 kobolds
  3 orc skeletons (D:8)
  An orc zombie (Ossuary)
  7 rats
321 creatures vanquished.

Vanquished Creatures (collateral kills)
  A great orb of eyes (Lair:1)
  2 death yaks (Lair:1)
  An elephant (Lair:1)
  A gargoyle (D:10)
  A vampire mosquito (D:10)
  A centaur (D:10)
  A wolf (Bailey)
  A kobold brigand (D:10)
  3 gnoll sergeants (Bailey)
  3 wights (D:7)
  A gnoll bouda (Bailey)
  A kobold (D:5)
17 creatures vanquished.

Vanquished Creatures (others)
  A cyclops (D:11)
  3 killer bees (D:11)
4 creatures vanquished.

Grand Total: 342 creatures vanquished

Table legend: (Time is in decaauts)
 A = Elapsed time spent in this place.
 B = Non-inter-level travel time spent in this place.
 C = Inter-level travel time spent in this place.
 D = Time resting spent in this place.
 E = Time spent auto-exploring this place.
 F = Levels seen in this place.
 G = Mean time per level.
                   A        B        C        D        E       F      G
               +--------+--------+--------+--------+--------+-----+--------+
         Total |  12618 |  12183 |    435 |    285 |   9675 |  15 |  841.2 |
       Dungeon |   9945 |   9529 |    416 |    142 |   7720 |  11 |  904.1 |
        Temple |      1 |      1 |      0 |      0 |      0 |   1 |    1.0 |
          Lair |   1591 |   1572 |     19 |      0 |   1290 |   1 | 1591.0 |
       Ossuary |    444 |    444 |      0 |      0 |    348 |   1 |  444.0 |
        Bailey |    635 |    635 |      0 |    143 |    317 |   1 |  635.0 |
               +--------+--------+--------+--------+--------+-----+--------+

Top non-repeatable levels by time:
  Lair:1: 1591 daAuts
     D:8: 1361 daAuts
    D:11: 1264 daAuts
     D:9: 1210 daAuts
     D:5: 1044 daAuts
    D:10: 995 daAuts
     D:1: 855 daAuts
     D:7: 801 daAuts
     D:6: 721 daAuts
     D:4: 686 daAuts
  Bailey: 635 daAuts
     D:3: 534 daAuts
     D:2: 468 daAuts
 Ossuary: 444 daAuts
  Temple: 1 daAuts

Table legend:
 A = Non-vault XP
 B = Vault XP
 C = Vault XP percentage of total XP
 D = Non-vault monster count
 E = Vault monster count
 F = Vault count percentage of total count
                 A         B        C        D         E       F
            +---------+---------+-------+---------+---------+-------
      Total |   22828 |    7509 |  24.8 |     254 |      86 |  25.3
            +---------+---------+-------+---------+---------+-------
        D:1 |      32 |       0 |   0.0 |      18 |       0 |   0.0
        D:2 |      45 |       0 |   0.0 |      20 |       0 |   0.0
        D:3 |      31 |     256 |  89.2 |      11 |      13 |  54.2
        D:4 |     147 |       0 |   0.0 |      22 |       0 |   0.0
        D:5 |     664 |       2 |   0.3 |      27 |       1 |   3.6
        D:6 |     769 |       0 |   0.0 |      25 |       0 |   0.0
        D:7 |     756 |     445 |  37.1 |      16 |       1 |   5.9
        D:8 |    1084 |     497 |  31.4 |      24 |       7 |  22.6
        D:9 |    1543 |       0 |   0.0 |      18 |       0 |   0.0
       D:10 |    3706 |     830 |  18.3 |      25 |       5 |  16.7
       D:11 |    4306 |       0 |   0.0 |      17 |       0 |   0.0
     Lair:1 |    9745 |    3355 |  25.6 |      31 |      16 |  34.0
    Ossuary |       0 |     376 | 100.0 |       0 |      15 | 100.0
     Bailey |       0 |    1748 | 100.0 |       0 |      28 | 100.0
            +---------+---------+-------+---------+---------+-------
